 Dungeon Crawl Stone Soup version 0.27.0-1-g7a089689b8 (webtiles) character file.

Game seed: 11530506477865928663

185 SnakkuSnakku7 the Slasher (level 5, 0/41 HPs)
             Began as a Barachi Chaos Knight on Aug 2, 2021.
             Was a Plaything of Xom.
             Slain by a howler monkey (4 damage)
             ... on level 7 of the Dungeon.
             The game lasted 00:04:31 (4090 turns).

SnakkuSnakku7 the Slasher (Barachi Chaos Knight)    Turns: 4090, Time: 00:04:35

Health: 0/41       AC:  5    Str: 14    XL:     5   Next: 64%
Magic:  5/5        EV: 11    Int: 12    God:    Xom [....*.]
Gold:   166        SH:  0    Dex: 12    Spells: 4/4 levels left

rFire    + . .     SeeInvis .   a - +0 long sword
rCold    + . .     Faith    .   (no shield)
rNeg     . . .     Spirit   .   b - +2 leather armour
rPois    .         Reflect  .   (no helmet)
rElec    .         Harm     .   (no cloak)
rCorr    .         Rampage  .   (no gloves)
Will     .....                  (no boots)
Stlth    ..........             (no amulet)
HPRegen  0.13/turn              (no ring)
MPRegen  0.09/turn              (no ring)

@: silenced, unable to hop, slow
A: amphibious, slowness 1, strong legs 1, +LOS, cold resistance 1, fire
resistance 1
a: Hop, Renounce Religion


You were on level 7 of the Dungeon.
You worshipped Xom.
You were a beloved toy of Xom.
You visited 1 branch of the dungeon, and saw 5 of its levels.

You collected 166 gold pieces.

Inventory:

Hand Weapons
 a - a +0 long sword (weapon)
 l - a +0 falchion of chaos
 q - a +2 hand axe of flaming
Armour
 b - a +2 leather armour (worn)
Jewellery
 e - a ring of ice
 f - a ring of ice
Scrolls
 d - 2 scrolls of identify {unknown}
 i - a scroll of silence
 k - a scroll of enchant weapon {unknown}
 o - a scroll of magic mapping {unknown}
 r - a scroll of enchant armour {unknown}
Potions
 g - a potion of degeneration {unknown}
 h - 2 potions of curing {unknown}
 j - a potion of might {unknown}
 m - 3 potions of heal wounds {unknown}
 n - 2 potions of flight {unknown}
 p - a potion of berserk rage {unknown}


   Skills:
 - Level 3.6 Fighting
 + Level 7.4 Long Blades
 - Level 2.4 Armour
 - Level 1.1 Dodging


You had 4 spell levels left.
You didn't know any spells.
Your spell library contained the following spells:

 Spells                   Type           Power      Damage    Failure   Level
 Static Discharge         Conj/Air       0%         N/A       52%         2
 Dispel Undead            Necr           0%         3d6       99%         4
 Sticky Flame             Conj/Fire      0%         2d3       99%         4


Dungeon Overview and Level Annotations

Branches:
Dungeon (4/15)
 Temple: D:4-7

Altars:
Dithmenos
Vehumet

Annotations:
D:7 Maggie


Innate Abilities, Weirdness & Mutations

You are amphibious.
You cover ground slowly.
You can hop short distances.
You have an extended range of vision and can be seen from far away.
Your flesh is cold resistant. (rC+)
Your flesh is heat resistant. (rF+)


Message History

A merfolk comes into view.
You feel less confused.
The howler monkey hoots and howls with incredible vigour!
Something hits you but does no damage. The centaur zombie hits you.
The centaur zombie kicks you but does no damage.
The orc completely misses your +0 falchion.
The howler monkey hits you.
Your +0 falchion closely misses the orc.
You hear a shout! x5
As you read the scroll labelled HOALIM RAQING, it crumbles to dust.
A profound silence engulfs you.
It was a scroll of silence.
The centaur zombie barely misses you. The centaur zombie misses you.
Something hits you but does no damage.
Your +0 falchion hits the orc!
The orc dies!
The orc completely misses your +0 falchion.
The howler monkey hits you but does no damage.
Something completely misses you.
Your +0 falchion barely misses the orc warrior.
Something hits you but does no damage.
Your +0 falchion hits the orc warrior!
The orc warrior hits your +0 falchion with a +0 mace!
Your +0 falchion misses the orc warrior.
Something hits you. The howler monkey barely misses you.
Xom opens a gate.
The merfolk changes into a glowing orange brain!
The howler monkey hits you.
The orc hits your neqoxec with a +0 hand axe.
Your neqoxec hits the howler monkey.
The glowing orange brain pulsates.
Something tries to feed on your intellect!
A sky beast and 2 wights come into view.
The howler monkey hits you.
The sky beast flickers out of sight!
Something hits you.
* * * LOW HITPOINT WARNING * * *
Something shocks you.
* * * LOW HITPOINT WARNING * * *
The howler monkey hits you.
You die... "It was about time."

.....#.....................
#....##..........##.......#
#... ##.##....oo###..z...#
.. #.#.....#.......z... ..#
#.#..o.o##.......# ...
#....)...##.{.....#.. ...
..........####3......# (
###..........h.....##..
#..........@..........
.......................
...........#............
.........>......^.......
.......)......#######.. ...
.....## . #. ......= #
##...... ..#....


You could see a howler monkey, 2 wights and a friendly neqoxec (summoned).

Vanquished Creatures
  A hound (D:2)
  A howler monkey skeleton (D:7)
  5 adders
  3 worms
  2 dart slugs
  5 orcs (D:3)
  11 endoplasms
  A giant cockroach (D:4)
  8 goblins
  6 hobgoblins
  10 jackals
  A quokka (D:2)
  6 ball pythons
  6 bats
  2 frilled lizards (D:3)
  5 kobolds
  6 rats
79 creatures vanquished.

Vanquished Creatures (collateral kills)
  An orc (D:7)
1 creature vanquished.

Vanquished Creatures (others)
  A dancing weapon (D:7)
1 creature vanquished.

Grand Total: 81 creatures vanquished

Notes
Turn   | Place    | Note
-------+----------+-------------------------------------------
     0 | D:1      | SnakkuSnakku7 the Barachi Chaos Knight began the quest for
                  | the Orb.
     0 | D:1      | Reached XP level 1. HP: 18/18 MP: 1/1
   154 | D:1      | Reached skill level 4 in Long Blades
   264 | D:1      | Reached XP level 2. HP: 19/24 MP: 2/2
   411 | D:1      | XOM: divination: detect items
   832 | D:1      | XOM: silly message
   979 | D:1      | Found a faded altar of an unknown god.
  1119 | D:1      | Reached XP level 3. HP: 22/29 MP: 3/3
  1223 | D:1      | Reached skill level 5 in Long Blades
  1404 | D:1      | XOM: divination: magic mapping
  1525 | D:2      | Reached XP level 4. HP: 32/36 MP: 4/4
  1664 | D:2      | Reached skill level 6 in Long Blades
  2580 | D:2      | Reached XP level 5. HP: 35/41 MP: 5/5
  2658 | D:2      | XOM: summons 3 hostile demons
  2672 | D:2      | XOM: butterfly on damage
  2957 | D:3      | XOM: god gift: glowing black potion {god gift}
  3160 | D:3      | Reached skill level 7 in Long Blades
  3254 | D:3      | XOM: scenery: summon butterflies
  3295 | D:3      | XOM: give mutations
  3295 | D:3      | Gained mutation: Your flesh is cold resistant. (rC+) [Xom's
                  | grace]
  3295 | D:3      | Gained mutation: Your flesh is heat resistant. (rF+) [Xom's
                  | grace]
  3409 | D:3      | Found a shadowy altar of Dithmenos.
  3423 | D:3      | XOM: snakes to sticks
  3454 | D:3      | XOM: 7-stop teleportation journey
  3483 | D:3      | Found a radiant altar of Vehumet.
  4013 | D:4      | You fall into a shaft and drop 3 floors!
  4013 | D:7      | Noticed Maggie
  4014 | D:7      | Noticed an ogre
  4022 | D:7      | Noticed a troll
  4065 | D:7      | Noticed a glowing shapeshifter
  4065 | D:7      | a troll changed into a glowing shapeshifter
  4065 | D:7      | XOM: polymorph troll -> glowing shapeshifter
  4065 | D:7      | Noticed a moth of wrath
  4065 | D:7      | a glowing shapeshifter changed into a moth of wrath
  4067 | D:7      | Noticed a shock serpent
  4067 | D:7      | a moth of wrath changed into a shock serpent
  4075 | D:7      | Noticed an orc warrior
  4079 | D:7      | Noticed a swamp dragon
  4081 | D:7      | Noticed a merfolk
  4085 | D:7      | XOM: summons friendly neqoxec
  4086 | D:7      | Noticed a glowing orange brain
  4086 | D:7      | a merfolk changed into a glowing orange brain
  4088 | D:7      | Noticed a sky beast
  4090 | D:7      | Slain by a howler monkey

Illustrated notes

Levels and vault maps discovered:
D:1:      erik_arrival_orb_chamber, layout_basic,
          hellmonk_ecumenical_altar_inner_sanctum, minmay_pentomino_t4
D:2:      layout_loops_ring
D:3:      layout_loops_ring, mainiacjoe_overflow_concentric_impassable,
          mainiacjoe_overflow_alcove_1, minmay_goblin_outpost
D:4:      layout_cave_pools, mainiacjoe_overflow_small_starburst,
          nemelex_spade_bored_becter, minmay_temple_entry_tees
D:7:      layout_cave_pools, minmay_misc_feat_doors, kennysheep_generic_room_8,
          uniq_maggie

Skill      XL: |  1  2  3  4  5 |
---------------+----------------+-----
Long Blades    | 4 5 6 7 |  7.4
Fighting       | |  3.6
Armour         | |  2.4
Dodging        | |  1.1

Action                   |  1- 3 |  4- 6 || total
-------------------------+-------+-------++-------
Melee: Falchion          |    72 |    95 ||   167
       Long sword        |       |    88 ||    88
 Abil: Hop               |       |     2 ||     2
  Use: Scroll            |       |     3 ||     3
 Stab: Petrifying        |     1 |       ||     1
Armor: Leather armour    |    54 |    69 ||   123
Dodge: Dodged            |    45 |   136 ||   181
       Rpst.: Falchion   |    16 |    21 ||    37
       Long sword        |       |    19 ||    19
